 Dungeon Crawl Stone Soup version 0.29.0-4-gdea44cf6ec (webtiles) character file.

Game seed: 16558426844665811323

710 qw the Cleaver (level 7, -1/41 HPs)
             Began as a Tengu Warper on Aug 28, 2022.
             Killed from afar by Dowan (12 damage)
             ... with a shard of ice
             ... on level 4 of the Dungeon.
             The game lasted 00:00:24 (4309 turns).

qw the Cleaver (Tengu Warper)                       Turns: 4309, Time: 00:00:25

Health: -1/41      AC: 10    Str: 10    XL:     7   Next: 68%
Magic:  11/11      EV: 15    Int: 13    God:
Gold:   152        SH:  0    Dex: 18    Spells: 10/10 levels left

rFire   + + +      SeeInvis .   j - +0 war axe
rCold   . . .      Faith    .   (no shield)
rNeg    . . .      Spirit   .   q - +4 leather armour of Kaduorab {rF+++ Str-3 Dex+4}
rPois   .          Reflect  .   (helmet restricted)
rElec   .          Harm     .   (no cloak)
rCorr   .          Rampage  .   l - +2 pair of gloves
Will    .....                   (boots unavailable)
Stlth   +.........              (no amulet)
HPRegen 0.13/turn               (no ring)
MPRegen 0.12/turn               (no ring)

@: flying quickly and evasively, quick
A: beak, talons 3, nimble flight
a: no special abilities


You were on level 4 of the Dungeon.
You visited 1 branch of the dungeon, and saw 4 of its levels.

You collected 152 gold pieces.


Innate Abilities, Weirdness & Mutations

You have a beak for a mouth.
You have claws for feet.
Your magical nature lets you fly swiftly and evasively.


   Skills:
 - Level 3.0 Fighting
 - Level 8.4 Axes
 - Level 1.0 Throwing
 - Level 1.1 Armour
 + Level 3.4 Dodging
 - Level 2.0 Spellcasting
 - Level 2.4 Translocations


You had 10 spell levels left.
You didn't know any spells.
Your spell library contained the following spells:

 Spells                   Type           Power      Damage    Failure   Level
 Blink                    Tloc           14%        N/A       21%         2
 Gell's Gravitas          Tloc           7%         N/A       36%         3
 Lesser Beckoning         Tloc           7%         N/A       36%         3
 Teleport Other           Tloc           7%         N/A       36%         3
 Manifold Assault         Tloc           7%         N/A       98%         5

Inventory:

Hand Weapons
 f - a +0 flail
 j - a +0 war axe (weapon)
Armour
 d - a +4 ring mail
 i - a +0 chain mail
 l - a +2 pair of gloves (worn)
 q - the +4 leather armour of Kaduorab (worn) {rF+++ Str-3 Dex+4}
   (You found it on level 3 of the Dungeon)

   Str:       It affects your strength (-3).
   Dex:       It affects your dexterity (+4).
   rF:        It renders you almost immune to fire.
Jewellery
 b - a ring of resist corrosion
Scrolls
 a - 3 scrolls of identify
Potions
 c - a potion of mutation
 e - 2 potions of lignification {unknown}
 g - a potion of cancellation {unknown}
 h - a potion of curing
 k - a potion of flight {unknown}
 m - a potion of resistance {unknown}
 n - a potion of invisibility {unknown}
 p - a potion of degeneration {unknown}

Dungeon Overview and Level Annotations

Branches:
Dungeon (4/15)
 Temple: D:4-7

Altars:
The Shining One

Annotations:
D:4 3 runed translucent doors, Dowan


Message History

Dowan mumbles some strange words.
Dowan blinks!
The orc closely misses you.
You hit Duvessa.
Duvessa is heavily wounded.
You hit the orc.
Duvessa says, "When magic and the sword combine, nothing stands against them."
Duvessa hits you but does no damage. Duvessa hits you with a +0 short sword.
The orc barely misses you.
You hit the orc.
You kill the orc!
You hit Duvessa but do no damage.
Duvessa says, "Where magic fails, the sword succeeds!"
Duvessa hits you but does no damage.
You hit Duvessa. You claw Duvessa, but do no damage.
Duvessa is heavily wounded.
Duvessa hits you with a +0 short sword! Duvessa hits you with a +0 short sword.
You hit Duvessa.
Duvessa is severely wounded.
You barely miss the orc. Duvessa hits you with a +0 short sword.
The orc hits you but does no damage. Duvessa closely misses you.
You slash Duvessa!
Duvessa is almost dead.
You barely miss the orc. Duvessa hits you with a +0 short sword.
The orc barely misses you.
You hit Duvessa.
You kill Duvessa!
Dowan screams, "No!
Oh no!"
Dowan seems to find hidden reserves of power!
You slash the orc!
You kill the orc!
Your Axes skill increases to level 8!
Items here: ! %%% ( )))) [.
Dowan gestures wildly while chanting.
Dowan blinks!
Dowan gestures wildly while chanting.
Dowan blinks!
Dowan points at you and mumbles some strange words.
The shard of ice hits you!
You die...

....# # ## # ... ##..#
####### ...
#...####...... ...
#.#....).#####
#e##..#.##.### #......
#.#######
##..#.#####........
####.@..........######
####............<...##
#.....#...ยค..........##
#.....#))?............###
#..>....................#
#######..............##.(
#..............####
##.............#
#...........###


You could see Dowan (fast).

Vanquished Creatures
  Sigmund (D:3)
  Duvessa (D:4)
  A black bear (D:4)
  A necrophage (D:4)
  A scorpion (D:4)
  An orc priest (D:4)
  Ijyb (D:2)
  An orc wizard (D:4)
  5 adders
  3 dart slugs
  10 orcs (D:4)
  7 ball pythons
  2 bats
  11 endoplasms
  8 giant cockroaches
  9 hobgoblins
  3 jackals (D:3)
  8 kobolds
  A quokka (D:4)
  A frilled lizard (D:3)
  8 goblins
  7 rats
91 creatures vanquished.

Vanquished Creatures (others)
  An orc wizard (D:4)
  2 demonic plants (D:3)
3 creatures vanquished.

Grand Total: 94 creatures vanquished

Notes
Turn   | Place    | Note
-------+----------+-------------------------------------------
     0 | D:1      | qw the Tengu Warper began the quest for the Orb.
     0 | D:1      | Reached XP level 1. HP: 12/12 MP: 4/4
     0 | D:1      | 0 ||| qw: Version: 0.1-a-89-g26bdef1
     0 | D:1      | 0 ||| qw: Game counter: 1470
     0 | D:1      | 0 ||| qw: Always use a shield: true
     0 | D:1      | 0 ||| qw: God list: Okawaru
     0 | D:1      | 0 ||| qw: Allow faded altars: false
     0 | D:1      | 0 ||| qw: Do Orc after D:15 true
     0 | D:1      | 0 ||| qw: Do second Lair branch before Depths: true
     0 | D:1      | 0 ||| qw: Lair rune preference: random
     0 | D:1      | 0 ||| qw: Plans: Normal
     0 | D:1      | 0 ||| PLANNING D:1-11
    74 | D:1      | 74 ||| Stepping ~*~*~tactically~*~*~ (stealth).
    79 | D:1      | Reached XP level 2. HP: 10/17 MP: 6/6
    81 | D:1      | Reached skill level 3 in Axes
   352 | D:1      | 352 ||| Stepping ~*~*~tactically~*~*~ (stealth).
   353 | D:1      | 353 ||| Stepping ~*~*~tactically~*~*~ (stealth).
   355 | D:1      | 355 ||| Stepping ~*~*~tactically~*~*~ (stealth).
   461 | D:1      | Reached XP level 3. HP: 21/21 MP: 7/7
   501 | D:1      | 501 ||| Stepping ~*~*~tactically~*~*~ (stealth).
   604 | D:1      | Reached skill level 4 in Axes
   676 | D:1      | 676 ||| Stepping ~*~*~tactically~*~*~ (hiding).
   778 | D:1      | 778 ||| Stepping ~*~*~tactically~*~*~ (hiding).
   880 | D:1      | 880 ||| Stepping ~*~*~tactically~*~*~ (hiding).
   982 | D:1      | 982 ||| Stepping ~*~*~tactically~*~*~ (hiding).
  1303 | D:1      | 1303 ||| UPGRADING to +0 ring mail.
  1313 | D:1      | 1313 ||| DROPPING +0 leather armour.
  1314 | D:1      | 1314 ||| READING 2 scrolls labelled ZIRAJO YFEYPPU.
  1315 | D:1      | 1315 ||| READING scroll labelled SAGAUL CIEQIF.
  1316 | D:1      | 1316 ||| READING scroll labelled DINTEU KU XAL.
  1317 | D:1      | 1317 ||| READING scroll labelled EPHOAWK TIMM.
  1318 | D:1      | 1318 ||| DRINKING 2 emerald potions.
  1319 | D:1      | 1319 ||| DROPPING scroll of blinking.
  1376 | D:2      | Found a faded altar of an unknown god.
  1508 | D:2      | 1508 ||| Stepping ~*~*~tactically~*~*~ (stealth).
  1512 | D:2      | 1512 ||| Stepping ~*~*~tactically~*~*~ (stealth).
  1578 | D:2      | Reached XP level 4. HP: 26/26 MP: 8/8
  1578 | D:2      | 1578 ||| DROPPING +0 club.
  2211 | D:2      | 2211 ||| UPGRADING to +2 pair of gloves.
  2216 | D:2      | 2216 ||| READING scroll labelled NAEHOFUVYXT.
  2217 | D:2      | 2217 ||| READING scroll labelled QEONWON ALORR.
  2218 | D:2      | 2218 ||| READING scroll labelled GIUCIKL TYRARURU.
  2219 | D:2      | 2219 ||| DRINKING 2 green potions.
  2320 | D:2      | 2320 ||| DROPPING potion of ambrosia.
  2352 | D:3      | Noticed Ijyb
  2354 | D:3      | 2354 ||| STAIRDANCE
  2367 | D:2      | Killed Ijyb
  2368 | D:2      | Reached skill level 5 in Axes
  2610 | D:3      | 2610 ||| Stepping ~*~*~tactically~*~*~ (stealth).
  2698 | D:3      | Gained mutation: Your magical nature lets you fly swiftly
                  | and evasively. [Tengu growth]
  2698 | D:3      | Reached XP level 5. HP: 27/30 MP: 9/9
  2747 | D:3      | 2747 ||| DROPPING +0 mace.
  2899 | D:3      | Noticed Sigmund
  2907 | D:3      | HP: 7/30 [Sigmund/+4 scythe (1)]
  2908 | D:3      | Killed Sigmund
  2909 | D:3      | Reached skill level 7 in Axes
  2909 | D:3      | Reached XP level 6. HP: 8/35 MP: 10/10
  3283 | D:3      | Found a glowing golden altar of the Shining One.
  3446 | D:3      | Identified the +4 leather armour of Kaduorab {rF+++ Str-3
                  | Dex+4}
  3724 | D:3      | 3724 ||| UPGRADING to +4 ring mail.
  3734 | D:3      | 3734 ||| DROPPING +0 ring mail.
  3735 | D:3      | 3735 ||| UPGRADING to +4 leather armour of Kaduorab {rF+++
                  | Str-3 Dex+4}.
  3745 | D:3      | 3745 ||| READING scroll labelled AJE MES UDUSHA.
  3746 | D:3      | 3746 ||| READING scroll labelled PEK NO ACY.
  3751 | D:3      | 3751 ||| READING 3 scrolls of identify.
  3751 | D:3      | 3751 ||| IDENTIFYING yellow potion
  3752 | D:3      | 3752 ||| READING 2 scrolls of identify.
  3752 | D:3      | 3752 ||| IDENTIFYING sapphire potion
  3753 | D:3      | 3753 ||| DROPPING potion of brilliance.
  3787 | D:4      | Noticed a black bear
  3797 | D:4      | Killed a black bear
  3798 | D:4      | Reached skill level 3 in Dodging
  3865 | D:4      | Found a runed translucent gate.
  3865 | D:4      | Found a runed translucent gate.
  3866 | D:4      | Found a runed translucent gate.
  3923 | D:4      | Reached skill level 3 in Fighting
  3923 | D:4      | Reached XP level 7. HP: 35/41 MP: 11/11
  3967 | D:4      | 3967 ||| Stepping ~*~*~tactically~*~*~ (hiding).
  3971 | D:4      | 3971 ||| Stepping ~*~*~tactically~*~*~ (hiding).
  4024 | D:4      | Identified the +2 leather armour "Dacw" {Fly Int+4}
  4038 | D:4      | 4038 ||| DRINKING 3 potions of curing.
  4038 | D:4      | 4038 ||| (to cure confusion)
  4050 | D:4      | 4050 ||| DRINKING 2 potions of curing.
  4050 | D:4      | 4050 ||| (to cure confusion)
  4236 | D:4      | 4236 ||| SWAPPING to +0 war axe.
  4237 | D:4      | 4237 ||| DROPPING +1 hand axe of freezing.
  4289 | D:4      | Noticed Duvessa
  4295 | D:4      | Noticed Dowan
  4303 | D:4      | HP: 10/41 [Duvessa/+0 short sword (5)]
  4304 | D:4      | Killed Duvessa
  4305 | D:4      | Reached skill level 8 in Axes
  4309 | D:4      | Killed from afar by Dowan

Levels and vault maps discovered:
D:1:      dpeg_arrival_prison, layout_rooms
D:2:      layout_basic, dreamdust_ecumenical_altar_statues
D:3:      layout_loops_ring, lemuel_doored_altar, dreamdust_princess_corridor,
          minmay_misc_feat_rugged, uniq_ijyb, uniq_sigmund
D:4:      layout_rooms, gammafunk_ghost_necromancy, uniq_duvessa

Skill      XL: |  1  2  3  4  5  6  7 |
---------------+----------------------+-----
Axes           | 3 4 5 7 8 |  8.4
Dodging        | 3 |  3.4
Fighting       | 3 |  3.0
Throwing       | |  1.0
Armour         | |  1.1
Spellcasting   | |  2.0
Translocations | |  2.4

Action                   |  1- 3 |  4- 6 |  7- 9 || total
-------------------------+-------+-------+-------++-------
Melee: Hand axe          |    76 |    93 |    32 ||   201
       Peck              |    12 |    12 |     7 ||    31
       Kick              |    13 |    17 |    11 ||    41
       War axe           |       |       |    18 ||    18
Throw: Boomerang         |     7 |       |       ||     7
  Use: Scroll            |     4 |     7 |       ||    11
       Potion            |     1 |     1 |     2 ||     4
Armor: Leather armour    |    15 |     8 |    21 ||    44
       Ring mail         |     4 |    19 |       ||    23
Dodge: Dodged            |    27 |    43 |    32 ||   102

Table legend:
 A = Non-vault XP
 B = Vault XP
 C = Vault XP percentage of total XP
 D = Non-vault monster count
 E = Vault monster count
 F = Vault count percentage of total count
                 A         B        C        D         E       F
            +---------+---------+-------+---------+---------+-------
      Total |     612 |     403 |  39.7 |      85 |       7 |   7.6
            +---------+---------+-------+---------+---------+-------
        D:1 |      49 |       6 |  10.9 |      28 |       4 |  12.5
        D:2 |      44 |      38 |  46.3 |      18 |       1 |   5.3
        D:3 |      60 |     214 |  78.1 |      14 |       1 |   6.7
        D:4 |     459 |     145 |  24.0 |      25 |       1 |   3.8
            +---------+---------+-------+---------+---------+-------
